 Dungeon Crawl Stone Soup version 0.21-a0-143-g1ab7d47 (webtiles) character file.

2614 Savaroth the Cleaver (level 9, -3/84 HPs)
             Began as a Minotaur Berserker on July 24, 2017.
             Was an Elder of Trog.
             Slain by a bullfrog (5 damage)
             ... on level 8 of the Dungeon.
             The game lasted 00:16:45 (6506 turns).

Savaroth the Cleaver (Minotaur Berserker)           Turns: 6506, Time: 00:16:45

Health: -3/84      AC: 11    Str: 23    XL:     9   Next: 34%
Magic:  8/8        EV:  9    Int:  4    God:    Trog [****..]
Gold:   394        SH:  0    Dex: 12    Spells: 8/8 levels left

rFire    . . .     SeeInvis .   G - +0 hand axe
rCold    . . .     Gourm    .   (no shield)
rNeg     . . .     Faith    .   n - +0 chain mail
rPois    .         Spirit   .   (helmet restricted)
rElec    .         Reflect  .   (no cloak)
rCorr    .         Harm     .   (no gloves)
MR       ++...     Clarity  +   (no boots)
Stlth    ..........             (no amulet)
HPRegen  0.24/turn              z - ring of protection from magic
MPRegen  0.11/turn              (no ring)

@: lethally poisoned (-3 -> -17), berserk cooldown, slowed, very slow
A: retaliatory headbutt, horns 2, clarity, magic resistance 1, subdued magic 1
a: Berserk, Trog's Hand, Brothers in Arms, Burn Spellbooks, Renounce Religion


You were on level 8 of the Dungeon.
You worshipped Trog.
Trog was greatly pleased with you.
You were very hungry.

You visited 1 branch of the dungeon, and saw 8 of its levels.

You collected 394 gold pieces.

Inventory:

Hand Weapons
 a - a +0 hand axe
 G - a +0 hand axe (weapon)
Armour
 b - a +0 animal skin
 n - a +0 chain mail (worn)
Jewellery
 z - a ring of protection from magic (left hand)
 H - a +3 ring of evasion {unknown}
Wands
 p - a wand of lightning (13/15)
 w - a wand of lightning (5/15)
 D - a wand of random effects (25/48)
Scrolls
 e - 3 scrolls of enchant armour {unknown}
 l - 3 scrolls of identify {unknown}
 m - 2 scrolls of noise {unknown}
 o - a scroll of blinking {unknown}
 q - a scroll of recharging {unknown}
 r - 3 scrolls of teleportation {unknown}
 t - a scroll of torment {unknown}
 u - 2 scrolls of random uselessness {unknown}
 v - 2 scrolls of remove curse
 y - 2 scrolls of fear {unknown}
 A - a scroll of amnesia {unknown}
 E - 3 scrolls of magic mapping {unknown}
Potions
 d - a potion of agility {unknown}
 f - a potion of flight {unknown}
 g - a potion of ambrosia {unknown}
 h - 3 potions of magic {unknown}
 j - 3 potions of heal wounds {unknown}
 s - a potion of cancellation {unknown}
 B - a potion of invisibility {unknown}
 C - 2 potions of might {unknown}
Comestibles
 c - 7 bread rations
 i - 3 royal jellies
 k - 4 meat rations
 x - 3 fruits
 F - 5 chunks of flesh


   Skills:
 + Level 9.4 Fighting
 + Level 9.5 Axes
 + Level 9.3 Armour
 - Level 2.1 Dodging


You had 8 spell levels left.
You didn't know any spells.

Dungeon Overview and Level Annotations

Branches:
Dungeon (8/15)             Temple (0/1) D:5
   Lair: D:8-11

Altars:
Uskayaw

Shops:
D:4 :   D:5 (   D:8 *


Innate Abilities, Weirdness & Mutations

You reflexively headbutt those who attack you in melee.
You have a pair of horns on your head.
You possess an exceptional clarity of mind.
You are resistant to hostile enchantments. (MR+)
Your spells are a little easier to cast, but a little less powerful.


Message History

You see here a killer bee corpse.
You closely miss the leopard gecko.
* * * LOW HITPOINT WARNING * * *
You feel very sick. The leopard gecko barely misses you.
You slash the leopard gecko!
You kill the leopard gecko!
Trog accepts your kill.
* * * LOW HITPOINT WARNING * * *
You feel sick.
* * * LOW HITPOINT WARNING * * *
You feel very sick. The bullfrog completely misses you. The bullfrog hits you.
* * * LOW HITPOINT WARNING * * *
You see here a leopard gecko corpse.
You miss the bullfrog.
* * * LOW HITPOINT WARNING * * *
You feel sick. The bullfrog misses you. You furiously retaliate!
You headbutt the bullfrog. The bullfrog hits you.
You die...

### ###.# ...#####
#####.#...################
....8.8.8F@†)............#
#######.⌠.⌠.###############.#
.......8.∩.8# #.#
#.....⌠.⌠.#### #.#
#....8.8.8...# #.##
#............# #...
#.............# ####
#.............#
#.?....###+##.#


You could see a bullfrog.

Vanquished Creatures
  The ghost of braks the Cudgeler, an amateur OgWr (D:4)
  3 yaks (D:6)
  4 sky beasts
  A necrophage (D:5)
  2 orc warriors
  A phantom (D:3)
  3 ogres
  A bullfrog (D:7)
  A water moccasin zombie (D:5)
  A scorpion (D:5)
  4 killer bees (D:8)
  A centaur zombie (D:5)
  2 crimson imps
  A jelly (D:6)
  3 orc priests
  7 orc wizards
  A bullfrog skeleton (D:5)
  A hound zombie (D:5)
  9 adders
  A shadow imp (D:5)
  An ooze (D:4)
  An adder skeleton (D:5)
  2 adder zombies
  A worm (D:3)
  2 dart slugs (D:1)
  5 leopard geckos
  20 orcs
  5 bats
  4 giant cockroaches
  4 goblins
  4 hobgoblins
  10 jackals
  3 quokkas
  A ball python (D:3)
  6 frilled lizards
  4 kobolds
  4 rats
125 creatures vanquished.

Notes
Turn   | Place    | Note
-------+----------+-------------------------------------------
     0 | D:1      | Savaroth the Minotaur Berserker began the quest for the Orb.
     0 | D:1      | Reached XP level 1. HP: 19/19 MP: 0/0
   491 | D:1      | Reached XP level 2. HP: 27/27 MP: 1/1
  1337 | D:2      | Found a hide-covered altar of Uskayaw.
  1504 | D:2      | Reached XP level 3. HP: 28/33 MP: 2/2
  1877 | D:3      | Reached ** piety under Trog
  1930 | D:3      | Noticed a phantom
  1931 | D:3      | Reached XP level 4. HP: 41/41 MP: 3/3
  1968 | D:3      | Killed a phantom
  1968 | D:3      | Reached skill level 5 in Fighting
  1968 | D:3      | Reached skill level 5 in Axes
  1968 | D:3      | Reached XP level 5. HP: 31/48 MP: 4/4
  2262 | D:4      | Noticed an orc warrior
  2272 | D:4      | Noticed braks's ghost (amateur OgWr)
  2276 | D:4      | Killed an orc warrior
  2276 | D:4      | Reached XP level 6. HP: 22/56 MP: 5/5
  2288 | D:4      | Reached skill level 5 in Armour
  2455 | D:4      | HP: 3/85 [braks's ghost (2)]
  2463 | D:4      | Killed braks's ghost
  2463 | D:4      | Reached XP level 7. HP: 5/64 MP: 6/6
  2996 | D:4      | Found Zygeblui's Book Shop.
  3205 | D:5      | Entered Level 5 of the Dungeon
  3274 | D:5      | Reached *** piety under Trog
  3282 | D:5      | Found Raraeg's Antique Weapon Emporium.
  3404 | D:5      | Reached XP level 8. HP: 71/73 MP: 7/7
  3862 | D:5      | Found a staircase to the Ecumenical Temple.
  5375 | D:7      | Reached **** piety under Trog
  5440 | D:7      | Reached XP level 9. HP: 82/82 MP: 8/8
  5496 | D:7      | Gained mutation: Your spells are a little easier to cast, but a little less powerful. [mutagenic meat]
  5497 | D:7      | Gained mutation: You possess an exceptional clarity of mind. [mutagenic meat]
  6425 | D:8      | Found Dyfapt's General Store.
  6456 | D:8      | Gained mutation: You are resistant to hostile enchantments. (MR+) [mutagenic meat]
  6505 | D:8      | HP: 3/84 [bullfrog (5)]
  6506 | D:8      | Slain by a bullfrog

Vault maps used:
D:1:      dpeg_arrival_yet_another_circle, minivault_4, supply_closet_lemuel
D:2:      kennysheep_flooded_box
D:3:      minivault_4
D:4:      serial_shops, shop, first_bread, minmay_misc_feat_cross
D:5:      minmay_temple_entry_steel_oval, serial_shops,
          nicolae_shop_overgrown_old_shop
D:6:      minivault_4
D:8:      kennysheep_ambush_hall, serial_shops,
          nicolae_shop_temple_entry_statues_fountains,
          hangedman_little_slice_of_home

Skill      XL: |  1  2  3  4  5  6  7  8  9 |
---------------+----------------------------+-----
Fighting       | 4 5 6 7 8 9 |  9.4
Armour         | 3 4 5 6 8 9 |  9.3
Axes           | 4 5 6 7 8 9 |  9.5
Dodging        | |  2.1

Action                   |  1- 3 |  4- 6 |  7- 9 || total
-------------------------+-------+-------+-------++-------
Melee: Hand axe          |    76 |    78 |   250 ||   404
       Headbutt          |    14 |    14 |    56 ||    84
Invok: Berserk           |       |     2 |     2 ||     4
       Burn Spellbooks   |       |       |     2 ||     2
  Use: Scroll            |     2 |       |       ||     2
  Eat: Chunk             |     3 |     2 |    19 ||    24
Armor: Animal skin       |     2 |       |       ||     2
       Chain mail        |    29 |    39 |    92 ||   160
       Ring mail         |     2 |       |       ||     2
Dodge: Dodged            |    56 |    16 |    95 ||   167
